 Dungeon Crawl Stone Soup version 0.23.2-1-ga50397a (webtiles) character file.

Game seed: 14097057345840938312

8330 Fang the Fighter (level 11, -20/72 HPs)
             Began as a Gargoyle Berserker on May 16, 2019.
             Was a High Priest of Trog.
             Killed from afar by a fire dragon (62 damage)
             ... with a blast of flame
             ... on level 10 of the Dungeon on May 17, 2019.
             The game lasted 00:12:47 (9986 turns).

Fang the Fighter (Gargoyle Berserker)               Turns: 9986, Time: 00:12:48

Health: -20/72     AC: 23    Str: 24    XL:     11   Next: 29%
Magic:  11/11      EV: 10    Int:  8    God:    Trog [*****.]
Gold:   639        SH:  0    Dex:  9    Spells: 10/10 levels left

rFire    . . .     SeeInvis .   a - +2 war axe
rCold    . . .     Gourm    .   (no shield)
rNeg     + . .     Faith    .   b - +1 plate armour
rPois    ∞         Spirit   .   (no helmet)
rElec    +         Reflect  .   (no cloak)
rCorr    .         Harm     .   (no gloves)
MR       +....                  (no boots)
Stlth    ..........             (no amulet)
HPRegen  0.22/turn              y - ring of protection from magic
MPRegen  0.12/turn              (no ring)

@: no status effects
A: negative energy resistance 1, electricity resistance, unbreathing,
petrification resistance, rot immunity, AC +8
a: Berserk, Trog's Hand, Brothers in Arms, Renounce Religion


You were on level 10 of the Dungeon.
You worshipped Trog.
Trog was extremely pleased with you.
You were hungry.

You visited 2 branches of the dungeon, and saw 11 of its levels.

You collected 639 gold pieces.

Inventory:

Hand Weapons
 a - a +2 war axe (weapon)
 d - a +1 hand axe of flaming
 v - a +2 hand axe of freezing
Armour
 b - a +1 plate armour (worn)
Jewellery
 y - a ring of protection from magic (left hand)
Wands
 o - a wand of flame (12)
 p - a wand of clouds (7)
 C - a wand of paralysis (6)
Scrolls
 e - 10 scrolls of teleportation
 f - 7 scrolls of magic mapping
 h - a scroll of blinking
 j - a scroll of fog
 q - 7 scrolls of remove curse
Potions
 g - 3 potions of heal wounds
 i - 3 potions of mutation
 k - 3 potions of berserk rage
 l - 2 potions of resistance
 m - 2 potions of brilliance {unknown}
 n - a potion of haste
 u - 3 potions of agility
 x - 3 potions of curing {unknown}
Comestibles
 c - 26 rations


   Skills:
 + Level 10.0 Fighting
 + Level 8.5 Axes
 + Level 9.7 Armour
 + Level 7.4 Dodging


You had 10 spell levels left.
You didn't know any spells.
Your spell library was empty.

Dungeon Overview and Level Annotations

Branches:
Dungeon (10/15)            Temple (1/1) D:6
   Lair: D:8-11         Orc: D:9-12

Altars:
Ashenzari
Cheibriados
Elyvilon
Makhleb
Okawaru
Ru
Sif Muna
Uskayaw
Wu Jian
Xom
Yredelemnul
Beogh

Shops:
D:5 ?


Innate Abilities, Weirdness & Mutations

You are resistant to torment.
Your stone body is resilient. (AC +8)
You are immune to poison.
You resist negative energy. (rN+)
You are resistant to electric shocks. (rElec)
You can survive without breathing.
You are immune to petrification.
You are immune to rotting.


Message History

The fire dragon bites you but does no damage.
The fire dragon claws you but does no damage.
The fire dragon tramples you but does no damage.
There is an open translucent door here.
The fire dragon barely misses you.
The fire dragon claws you but does no damage.
The fire dragon tramples you but does no damage.
There is an open door here.
There is an open door here.
The fire dragon breathes flames at you. The blast of flame hits you!!
* * * LOW HITPOINT WARNING * * *
There is an open door here.
You feel much better.
The deep elf mage mumbles some strange words.
The deep elf mage blinks!
The fire dragon breathes flames at you. The blast of flame hits you!!!
Ouch! That really hurt!
You die...

.............##'####'##.#.##.....
.............#..# #8.#...#......
.............#.c# #.8#....#.....
.............##'# #e##..........
#............#e.# '..#..........
.............#..# #..#..........
.............#D########..........
.................................
................@................
#.......#........................
.##....##..........#<............
#..#...##.......#.#.#.....#...#..
#################################


You could see a fire dragon.

Vanquished Creatures
  A hydra (D:9)
  A komodo dragon (D:10)
  Grinder (D:6)
  A hippogriff (D:8)
  2 dream sheep (D:9)
  A shadow (D:10)
  7 yaks
  Menkaure (D:6)
  A water moccasin (D:10)
  5 sky beasts
  2 orc warriors (D:8)
  2 phantoms (D:5)
  2 black bears
  2 necrophages (D:8)
  3 ice beasts
  5 ogres
  A crocodile (D:7)
  4 big kobolds
  6 bullfrogs
  4 scorpions
  A wyvern skeleton (D:6)
  9 killer bees
  5 wights (D:6)
  2 howler monkeys (D:9)
  A centaur zombie (D:8)
  3 crimson imps
  2 bullfrog zombies
  A bullfrog skeleton (D:8)
  A gnoll shaman (D:7)
  Crazy Yiuf (D:6)
  9 hounds
  A jelly (D:5)
  6 orc priests
  A centaur skeleton (D:6)
  5 iguanas
  9 orc wizards
  6 worker ants
  A mummy (D:7)
  A hound zombie (D:5)
  2 hound skeletons
  A worker ant zombie (D:10)
  7 adders
  9 gnolls
  A howler monkey skeleton (D:6)
  2 shadow imps
  4 oozes
  2 adder skeletons
  2 worms (D:2)
  4 dart slugs
  4 leopard geckos
  53 orcs
  4 giant cockroaches
  7 goblins
  16 hobgoblins
  14 jackals
  11 kobolds
  4 quokkas
  2 ball pythons
  12 bats
  4 frilled lizards
  2 leopard gecko skeletons (D:4)
  A quokka skeleton (D:8)
  4 rats
289 creatures vanquished.

Vanquished Creatures (others)
  2 plants (D:9)
2 creatures vanquished.

Grand Total: 291 creatures vanquished

Notes
Turn   | Place    | Note
-------+----------+-------------------------------------------
     0 | D:1      | Fang the Gargoyle Berserker began the quest for the Orb.
     0 | D:1      | Reached XP level 1. HP: 14/14 MP: 1/1
   289 | D:1      | Reached XP level 2. HP: 19/19 MP: 2/2
   396 | D:1      | Reached XP level 3. HP: 18/23 MP: 3/3
  1437 | D:2      | Reached XP level 4. HP: 11/29 MP: 4/4
  1799 | D:2      | Reached skill level 4 in Fighting
  1799 | D:2      | Reached ** piety under Trog
  2012 | D:2      | Found a deep blue altar of Sif Muna.
  2274 | D:2      | Found an ornate altar of the Wu Jian Council.
  2318 | D:3      | Reached XP level 5. HP: 33/33 MP: 5/5
  2881 | D:3      | Found a basalt altar of Yredelemnul.
  3056 | D:3      | Reached *** piety under Trog
  3103 | D:3      | Reached XP level 6. HP: 39/39 MP: 6/6
  3306 | D:4      | Noticed a black bear
  3313 | D:4      | Killed a black bear
  3313 | D:4      | Reached skill level 5 in Fighting
  3446 | D:4      | Reached XP level 7. HP: 13/44 MP: 7/7
  3654 | D:4      | Found a sacrificial altar of Ru.
  3678 | D:4      | Found a roughly hewn altar of Beogh.
  3853 | D:5      | Entered Level 5 of the Dungeon
  3882 | D:5      | Reached skill level 5 in Armour
  3961 | D:5      | Reached **** piety under Trog
  4249 | D:5      | Reached XP level 8. HP: 48/51 MP: 8/8
  4325 | D:5      | Found a shattered altar of Ashenzari.
  4331 | D:5      | Found Lapor's Magic Scroll Boutique.
  4468 | D:6      | Noticed Menkaure
  4478 | D:6      | Reached skill level 6 in Fighting
  4478 | D:6      | Reached skill level 5 in Axes
  4486 | D:6      | Killed Menkaure
  4665 | D:6      | Reached XP level 9. HP: 28/56 MP: 9/9
  4667 | D:6      | Reached ***** piety under Trog
  4910 | D:6      | Noticed Grinder
  4941 | D:6      | Killed Grinder
  4941 | D:6      | Reached skill level 7 in Fighting
  4941 | D:6      | Reached skill level 5 in Dodging
  4963 | D:6      | Found a staircase to the Ecumenical Temple.
  5038 | Temple   | Entered the Ecumenical Temple
  5058 | D:6      | Found a runed translucent door.
  5059 | D:6      | Noticed Crazy Yiuf
  5659 | D:6      | Received a gift from Trog
  5735 | D:6      | Killed Crazy Yiuf
  6250 | D:7      | Found a snail-covered altar of Cheibriados.
  6441 | D:7      | Found a shimmering altar of Xom.
  6441 | D:7      | Found a white marble altar of Elyvilon.
  6442 | D:7      | Found a burning altar of Makhleb.
  6549 | D:7      | Reached skill level 8 in Fighting
  6891 | D:8      | Reached XP level 10. HP: 53/64 MP: 10/10
  7834 | D:9      | Found an iron altar of Okawaru.
  8168 | D:9      | Reached skill level 9 in Fighting
  8686 | D:9      | Noticed a three-headed hydra
  8691 | D:9      | Killed a one-headed hydra
  8691 | D:9      | Reached XP level 11. HP: 71/71 MP: 11/11
  9066 | D:10     | Entered Level 10 of the Dungeon
  9689 | D:10     | Found a runed translucent door.
  9690 | D:10     | Noticed a fire dragon
  9692 | D:10     | Noticed a skeletal warrior
  9695 | D:10     | Reached skill level 10 in Fighting
  9969 | D:10     | Noticed a yaktaur captain
  9969 | D:10     | Noticed a deep elf mage
  9986 | D:10     | Killed from afar by a fire dragon

Skill      XL: |  1  2  3  4  5  6  7  8  9 10 11 |
---------------+----------------------------------+-----
Axes           | 3 4 5 6 8 |  8.5
Dodging        | 2 3 4 5 7 |  7.4
Armour         | 3 4 5 6 7 9 |  9.7
Fighting       | 4 5 6 8 9 10 | 10.0

Action                   |  1- 3 |  4- 6 |  7- 9 | 10-12 || total
-------------------------+-------+-------+-------+-------++-------
Melee: Hand axe          |    96 |   239 |   416 |    31 ||   782
       War axe           |       |       |       |   250 ||   250
Invok: Berserk           |       |     4 |     5 |     3 ||    12
       Brothers in Arms  |       |       |       |     1 ||     1
  Use: Scroll            |       |       |       |    20 ||    20
       Potion            |       |       |       |     1 ||     1
 Stab: Sleeping          |     1 |     1 |       |       ||     2
  Eat: Chunk             |     2 |     9 |    18 |    12 ||    41
Armor: Animal skin       |    38 |    77 |       |       ||   115
       Chain mail        |       |    46 |   338 |    25 ||   409
       Plate armour      |       |       |       |   271 ||   271
Dodge: Dodged            |    64 |   178 |   235 |   189 ||   666
